Map: Abyssal Reef LE

Players

Marre - Winner!

  • Race: Protoss Protoss
  • League: Diamond
  • Spawn Location: 11:00

A.I. 2 (Very Easy)

  • Race: Terran Terran
  • Spawn Location: 5:00

VOD

Have the link to the VOD?

Description

Simple All-in with Zealots with Charge, a warp prism, charge and +1 attack.

Time

  • Played on: Jan. 20, 2018, 4:51 a.m.
  • Length: 6:20
Show
View Real Time Build Order
Export as new Build Order

Marre Protoss - Winner!

Build Orders: 1 Gate Expand 

Get SALT Encoding   

  12  0:01  Probe  
  13  0:13  Probe  
  14  0:18  Pylon  
  14  0:26  Probe  
  15  0:38  Gateway  
  15  0:40  Probe  
  16  0:54  Probe (Chrono Boost)  
  17  1:11  Nexus  
  17  1:16  Probe  
  18  1:28  Probe  
  18  1:31  Cybernetics Core  
  19  1:36  Assimilator  
  19  1:41  Assimilator  
  19  1:42  Probe  
  20  1:54  Probe  
  21  1:56  Pylon  
  21  2:06  Probe  
  22  2:09  Warp Gate (Chrono Boost)  
  22  2:20  Zealot  
  22  2:22  Probe  
  25  2:27  Gateway  
  25  2:33  Forge  
  25  2:35  Probe (Chrono Boost)  
  26  2:38  Probe (Chrono Boost)  
  27  2:47  Probe (Chrono Boost)  
  27  2:48  Zealot  
  30  2:51  Probe x2 (Chrono Boost)  
  32  3:00  Probe  
  32  3:01  Probe  
  34  3:06  Twilight Council  
  34  3:12  Pylon  
  34  3:14  Protoss Ground Weapons Level 1 (Chrono Boost)  
  34  3:19  Probe  
  35  3:21  Probe  
  35  3:26  Zealot  
  38  3:31  Zealot  
  40  3:38  Robotics Facility  
  40  3:39  Charge (Chrono Boost)  
  40  4:06  Gateway  
  40  4:08  Pylon  
  40  4:11  Pylon  
  40  4:14  Zealot  
  40  4:15  Zealot  
  40  4:17  Probe x2  
  46  4:31  Probe x2  
  50  4:39  Gateway x2  
  50  4:41  Gateway  
  50  4:44  Gateway  
  50  4:51  Warp Prism  
  51  4:54  Zealot x2  
  54  5:24  Zealot  
  54  5:25  Zealot x2  
  60  5:36  Observer  
  60  5:37  Zealot x3  
  67  5:46  Zealot  
  69  5:51  Pylon  
  69  5:53  Pylon  
  69  5:54  Pylon  
  69  5:56  Pylon  
  69  6:02  Probe  
  70  6:09  Zealot x3  
  77  6:12  Zealot x4  
Show
View Real Time Build Order
Export as new Build Order

A.I. 2 (Very Easy) Terran 

Build Orders:  

Get SALT Encoding   

  12  0:00  SCV  
  13  0:13  SCV  
  14  0:18  Supply Depot  
  14  0:36  Refinery  
  14  0:42  Barracks  
  14  1:06  Supply Depot  
  14  1:13  Refinery  
  14  1:30  Marine  
  14  1:31  SCV  
  16  1:43  SCV  
  17  1:55  SCV  
  18  2:03  Marine  
  18  2:07  SCV  
  20  2:19  SCV  
  21  2:31  SCV  
  21  2:36  Marine  
  23  2:44  Orbital Command  
  23  5:34  SCV  
  22  5:43  Marine  
  22  5:46  SCV  
  18  5:52  Supply Depot  
  10  5:58  SCV  
Tags
 
Add a new tag
Caveats
  • Supply blocks, unpowered buildings, or Contaminate may cause inaccurate times.
  • Supply counts are checked every 10 seconds.